 Dungeon Crawl Stone Soup version 0.30-a0-528-g8c47a4955b (webtiles) character file.

Game seed: 80766868841900897

64 vineage the Trooper (level 4, -3/31 HPs)
             Began as a Gargoyle Fighter on Dec 23, 2022.
             Slain by a gnoll
             ... wielding a +0 halberd
              (11 damage)
             ... on level 3 of the Dungeon.
             The game lasted 00:01:33 (1495 turns).

vineage the Trooper (Gargoyle Fighter)              Turns: 1495, Time: 00:01:33

Health: -3/31      AC: 12    Str: 22    XL:     4   Next: 12%
Magic:  4/4        EV:  7    Int:  8    God:
Gold:   80         SH:  0    Dex:  9    Spells: 3/3 levels left

rFire   . . .      SeeInvis .    a - +1 flail (vorpal)
rCold   . . .      Faith    .    c - +1 buckler
rNeg    + . .      Spirit   .    p - +0 chain mail
rPois   ∞          Reflect  .    (no helmet)
rElec   +          Harm     .    (no cloak)
rCorr   .          Rampage  .    (no gloves)
Will    .....                    (no boots) Stlth
                                 (no amulet)
HPRegen 0.25/turn                f - ring of Peestri {rElec Slay+4}
MPRegen 0.09/turn                (no ring)

@: confused, mighty, ambrosia-drunk
A: sickness immunity, AC +3, negative energy resistance 1, electricity
resistance, torment resistance 1, petrification resistance
a: no special abilities


You were on level 3 of the Dungeon.
You visited 1 branch of the dungeon, and saw 3 of its levels.

You collected 80 gold pieces.

Inventory:

Hand Weapons
 a - a +1 vorpal flail (weapon)
Armour
 c - a +1 buckler (worn)
 p - a +0 chain mail (worn)
Jewellery
 f - the ring of Peestri (left hand) {rElec Slay+4}
   (You found it on level 2 of the Dungeon)

   [ring of slaying]

   Slay:      It affects your accuracy & damage with ranged weapons and melee
   (+4).
   rElec:     It insulates you from electricity.
 g - a +6 ring of intelligence
Potions
 d - 2 potions of might
 e - a potion of degeneration {unknown}
 h - a potion of ambrosia
 i - 2 potions of curing {unknown}
 j - a potion of haste
 l - a potion of lignification {unknown}
 m - a potion of flight {unknown}
 n - a potion of mutation {unknown}
 o - a potion of invisibility {unknown}


   Skills:
 + Level 5.3 Fighting
 - Level 2.0 Maces & Flails
 - Level 3.2 Armour
 - Level 3.2 Shields


You had 3 spell levels left.
You didn't know any spells.
Your spell library was empty.

Dungeon Overview and Level Annotations

Branches:
Dungeon (3/15)

Altars:
Wu Jian


Innate Abilities, Weirdness & Mutations

You are immune to sickness and miasma.
Your stone body is resilient. (AC +3)
You are immune to poison.
You resist negative energy. (rN+)
You are resistant to electric shocks. (rElec)
You are resistant to unholy torment.
You are immune to petrification.


Message History

Found a fizzy white potion.
The gnoll shouts!
A gnoll comes into view. It is wielding a +0 halberd.
There are monsters nearby!
There are monsters nearby!
A gnoll comes into view. It is wielding a +0 spear.
The gnoll shouts!
You barely miss the gnoll. You block the gnoll's attack.
The gnoll hits you from afar with a +0 halberd.
You barely miss the gnoll. The gnoll hits you but does no damage.
The gnoll hits you from afar with a +0 halberd.
You sock the gnoll!
You kill the gnoll!
A gnoll comes into view. It is wielding a +0 spear.
The gnoll moves out of view.
You have reached level 4!
You feel stronger. The gnoll hits you but does no damage.
The gnoll hits you with a +0 spear.
You barely miss the gnoll.
The gnoll shouts!
The gnoll hits you from afar with a +0 spear!
* * * LOW HITPOINT WARNING * * *
The gnoll barely misses you. The gnoll hits you but does no damage.
You are too injured to fight recklessly!
You are too injured to fight recklessly!
You are too injured to fight recklessly!
You are too injured to fight recklessly!
You are too injured to fight recklessly!
You feel very mighty all of a sudden.
The gnoll hits you from afar with a +0 spear.
* * * LOW HITPOINT WARNING * * *
The gnoll hits you with a +0 spear.
* * * LOW HITPOINT WARNING * * *
The gnoll closely misses you.
You are confused.
You feel invigorated.
The gnoll hits you from afar with a +0 spear.
* * * LOW HITPOINT WARNING * * *
The gnoll hits you from afar with a +0 halberd!
You die...

.
#.§§§..........
#.§§§......#####
#....§..........
#..........###.
########.#.#
#.#.# #...#
#..)# #.#@#
#.#g# #.#gg
#!.... #######


You could see 3 gnolls.

Vanquished Creatures
  A gnoll (D:3)
  2 worms (D:2)
  3 orcs (D:3)
  4 ball pythons
  7 endoplasms
  3 hobgoblins (D:1)
  2 quokkas
  4 bats
  5 frilled lizards
  5 goblins
  3 kobolds
  6 rats
45 creatures vanquished.

Notes
Turn   | Place    | Note
-------+----------+-------------------------------------------
     0 | D:1      | vineage the Gargoyle Fighter began the quest for the Orb.
     0 | D:1      | Reached XP level 1. HP: 14/14 MP: 1/1
   287 | D:1      | Reached XP level 2. HP: 20/20 MP: 2/2
   290 | D:1      | Reached skill level 4 in Fighting
   609 | D:1      | Reached XP level 3. HP: 24/24 MP: 3/3
   778 | D:2      | Identified the ring of Peestri {rElec Slay+4}
  1416 | D:3      | Found an ornate altar of the Wu Jian Council.
  1423 | D:3      | Reached skill level 5 in Fighting
  1492 | D:3      | Reached XP level 4. HP: 21/31 MP: 4/4
  1495 | D:3      | Slain by a gnoll

Illustrated notes

Levels and vault maps discovered:
D:1:      elethiomel_arrival_maze, layout_basic
D:2:      layout_loops_ring
D:3:      layout_rooms, amcnicky_altar_gilded,
          mainiacjoe_overflow_concentric_impassable, minmay_misc_feat_enclosed,
          hex_large

Skill      XL: |  1  2  3 |
---------------+----------+-----
Fighting       | 4 5 |  5.3
Maces & Flails | |  2.0
Armour         | |  3.2
Shields        | |  3.2

Action                   |  1- 3 |  4- 6 || total
-------------------------+-------+-------++-------
Melee: Flail             |   105 |     1 ||   106
  Use: Scroll            |    10 |       ||    10
       Potion            |       |     2 ||     2
 Stab: Distracted        |     1 |       ||     1
Armor: Scale mail        |    55 |       ||    55
       Chain mail        |     1 |     2 ||     3
Dodge: Dodged            |    61 |     2 ||    63
Block: Buckler           |    23 |       ||    23

Table legend: (Time is in decaauts)
 A = Elapsed time spent in this place.
 B = Non-inter-level travel time spent in this place.
 C = Inter-level travel time spent in this place.
 D = Time resting spent in this place.
 E = Time spent auto-exploring this place.
 F = Levels seen in this place.
 G = Mean time per level.
                   A        B        C        D        E       F      G
               +--------+--------+--------+--------+--------+-----+--------+
         Total |   1530 |   1489 |     41 |      0 |   1191 |   3 |  510.0 |
       Dungeon |   1530 |   1489 |     41 |      0 |   1191 |   3 |  510.0 |
               +--------+--------+--------+--------+--------+-----+--------+

Top non-repeatable levels by time:
     D:1: 796 daAuts
     D:2: 646 daAuts
     D:3: 87 daAuts
